[Event "Rapid Tournament (RAP)"]
[Site "Biel, Switzerland"]
[Date "2026.07.12"]
[Round "3.52"]
[White "Huang, Hsuan-Chen"]
[Black "Berger, Vincent"]
[Result "1-0"]
[TimeControl "15 + 5"]
[WhiteTitle "-"]
[BlackTitle "-"]
[WhiteFideId "16303121"]
[BlackFideId "1317822"]
[WhiteElo "1648"]
[BlackElo "1877"]

1. d4 d5 2. Nf3 Nf6 3. e3 c5 4. c3 Nc6 5. Nbd2 cxd4 6. exd4 e6 7. Bd3 Bd6 8. O-O O-O 9. Re1 Re8 10.
Ne5 Bd7 11. Ndf3 Rb8 12. a4 a6 13. Bf4 Qc7 14. Re3 Ne7 15. Ng5 Rf8 16. Nxh7 Ne4 17. Bxe4 dxe4 18. Nf6+ 1-0

[Event "Rapid Tournament (RAP)"]
[Site "Biel, Switzerland"]
[Date "2026.07.12"]
[Round "3.53"]
[White "Cloete, Willem Francois"]
[Black "Materia, Matteo"]
[Result "0-1"]
[TimeControl "15 + 5"]
[WhiteTitle "-"]
[BlackTitle "-"]
[WhiteFideId "14358387"]
[BlackFideId "45150575"]
[WhiteElo "1584"]
[BlackElo "1868"]

1. e4 e5 2. Nf3 Nc6 3. d4 exd4 4. Bc4 Nf6 5. O-O Nxe4 6. Re1 d5 7. Bxd5 Qxd5 8. Nc3 Qd7 9. Nxe4 Be7 10. Bg5 O-O 11. Bxe7 Qxe7 12. Nxd4 Bd7 13. c3 Rad8 14. Qh5 h6 15. f4 Nxd4 16.
Ng5 Qc5 17. Re5 Nf3+ 18. Kh1 Nxe5 19. Ne4 Qe3 0-1

[Event "Rapid Tournament (RAP)"]
[Site "Biel, Switzerland"]
[Date "2026.07.12"]
[Round "3.54"]
[White "Bonanomi, Silvan"]
[Black "Leveque, Olivier"]
[Result "1-0"]
[TimeControl "15 + 5"]
[WhiteTitle "-"]
[BlackTitle "-"]
[WhiteFideId "1352644"]
[BlackFideId "1369806"]
[WhiteElo "1867"]
[BlackElo "1570"]

1. e4 c5 2. c3 Nc6 3. d4 d6 4. Nf3 a6 5. h3 g6 6. Bc4 Bg7 7. O-O Nf6 8. e5 dxe5 9. dxe5 Qxd1 10.
Rxd1 Ne4 11. Bd5 f5 12. exf6 Nxf6 13. Bxc6+ bxc6 14. Be3 c4 15. Na3 O-O 16. Nxc4 Ne4 17. Nce5 Bb7 18. Rd7 Nd6 19.
Rxe7 Rae8 20. Rd7 Bxe5 21. Nxe5 Rxe5 22. Rxd6 Rb5 23. b3 Ba8 24. Rd7 Rb7 25. Rad1 Rxd7 26. Rxd7 Re8 27. Ra7 Rd8 28.
Rxa6 Kf7 29. Ra7+ Ke6 30. Rxh7 Kf5 31. Kf1 c5 32. Bxc5 Be4 33. Bd4 Bd3+ 34. Ke1 Re8+ 35. Kd2 Ba6 36. Rf7+ Kg5 37. Be3+ Kh5 38.
Rh7# 1-0

[Event "Rapid Tournament (RAP)"]
[Site "Biel, Switzerland"]
[Date "2026.07.12"]
[Round "4.1"]
[White "Arjun, Kalyan"]
[Black "Amonatov, Farrukh"]
[Result "1-0"]
[TimeControl "15 + 5"]
[WhiteTitle "-"]
[BlackTitle "-"]
[WhiteFideId "35018701"]
[BlackFideId "14700077"]
[WhiteElo "2390"]
[BlackElo "2593"]

1. e4 c5 2. Nf3 d6 3.
d4 cxd4 4. Nxd4 Nf6 5. Nc3 a6 6. Be2 e5 7. Nb3 Be7 8. Be3 Be6 9. O-O O-O 10.
Re1 Nbd7 11. a4 Rc8 12. a5 Rxc3 13. bxc3 Nxe4 14. Qd3 f5 15. c4 Qc7 16. Rab1 Rc8 17. Nd2 Nec5 18. Qa3 h6 19.
h3 Bd8 20. Red1 Be7 21. Nb3 Ne4 22. Nd2 Nec5 23. Nb3 Ne4 24.
Nd2 Ndf6 25. Nxe4 Nxe4 26. Qb2 f4 27. Ba7 Ra8 28. Qxb7 Qxb7 29. Rxb7 Bh4 30. Bf3 Ng5 31. Rxg7+ Kxg7 32. Bxa8 Bxc4 33. Rxd6 e4 34. Rd4 Be2 35. Bxe4 Ne6 36. Rd6 1-0

[Event "Rapid Tournament (RAP)"]
[Site "Biel, Switzerland"]
[Date "2026.07.12"]
[Round "4.2"]
[White "Gloeckler, Christian"]
[Black "Bu, Xiangzhi"]
[Result "0-1"]
[TimeControl "15 + 5"]
[WhiteTitle "-"]
[BlackTitle "-"]
[WhiteFideId "34608966"]
[BlackFideId "8601445"]
[WhiteElo "2332"]
[BlackElo "2583"]

1. Nf3 Nf6 2. c4 e6 3. b3 d5 4. Bb2 c5 5. cxd5 exd5 6. g3 Nc6 7. Bg2 d4 8. O-O Bd6 9. Na3 O-O 10.
Nc4 Bf5 11. e3 Bc7 12. exd4 cxd4 13. Re1 Qd7 14. Nfe5 Nxe5 15. Nxe5 Bxe5 16. Rxe5 Rae8 17. Rxe8 Rxe8 18. Qf1 Ne4 19. Re1 d3 20. Bc1 b6 21.
Re3 Ng5 22. Qe1 Rc8 23. Bb2 Ne6 24. Bf3 h6 25. Re5 Ng5 26.
Bg2 Rc2 27. Re7 Qd6 28. Re8+ Kh7 29. Be5 Qd7 30. Rb8 Bg4 31. Bf4 Nf3+ 32. Bxf3 Bxf3 33. Qf1 Be2 34. Qe1 Qc6 0-1

[Event "Rapid Tournament (RAP)"]
[Site "Biel, Switzerland"]
[Date "2026.07.12"]
[Round "4.3"]
[White "Ganguly, Surya Shekhar"]
[Black "Savitha, Shri B"]
[Result "0-1"]
[TimeControl "15 + 5"]
[WhiteTitle "-"]
[BlackTitle "-"]
[WhiteFideId "5002150"]
[BlackFideId "35061887"]
[WhiteElo "2545"]
[BlackElo "2317"]

1. Nf3 c5 2. c4 Nc6 3. Nc3 Nf6 4. d4 cxd4 5. Nxd4 g6 6.
e4 d6 7.
Be2 Bg7 8. Be3 O-O 9. O-O Bd7 10. Nc2 a6 11. f3 Ne5 12. Qd2 Rc8 13. Na3 Re8 14. Rac1 Qa5 15. h3 Be6 16. Nd5 Qxd2 17.
Bxd2 Nfd7 18. Bc3 Nc5 19. Rfd1 f5 20. f4 Nc6 21. exf5 Bxf5 22. Bxg7 Kxg7 23. g4 Be4 24. Nb1 Ne6 25.
Nbc3 Ncd4 26. Kf2 Nxe2 27. Nxe2 Bxd5 28. cxd5 Nc5 29. Kf3 Kf6 30. Nd4 Na4 31. g5+ Kf7 32. Rxc8 Rxc8 33. Rd2 Rc1 34. Ne2 Ra1 35. b3 Nc5 36.
Ng3 a5 37. h4 Rg1 38. Rd4 Rc1 39. Rd2 Rc3+ 0-1

[Event "Rapid Tournament (RAP)"]
[Site "Biel, Switzerland"]
[Date "2026.07.12"]
[Round "4.4"]
[White "Sasikiran, Krishnan"]
[Black "Lu, Miaoyi"]
[Result "1-0"]
[TimeControl "15 + 5"]
[WhiteTitle "-"]
[BlackTitle "-"]
[WhiteFideId "5004985"]
[BlackFideId "8618020"]
[WhiteElo "2520"]
[BlackElo "2309"]

1. e4 e5 2. Nf3 Nc6 3.
Bb5 Nf6 4. d3 Bc5 5. Ba4 a6 6.
c3 b5 7.
Bb3 d6 8. a4 Rb8 9. O-O b4 10. a5 O-O 11. Nbd2 Ba7 12. h3 h6 13. Re1 Re8 14. Nc4 bxc3 15. bxc3 Be6 16. Ba4 Bd7 17. Bc2 Ne7 18. d4 Ng6 19.
Be3 exd4 20. Bxd4 Bxd4 21. cxd4 Rb4 22. Ncd2 Nh5 23. Nf1 Nh4 24. N1h2 Nf4 25. Nxh4 Qxh4 26. Ra3 Qf6 27. e5 dxe5 28.
dxe5 Qc6 29. Rg3 Be6 30. Ng4 Kh8 31. Qd2 Reb8 32. Rf3 Nxg2 33. Qd3 g6 34. Kxg2 Bf5 35. Qe3 Bxg4 36. hxg4 Qxc2 37.
Qxh6+ Kg8 38. Rh3 Rxg4+ 39. Kh1 f5 40. Qh8+ Kf7 41. Qf6+ Ke8 42. Qe6+ Kf8 43. Rh8+ Kg7 44. Qf6# 1-0

[Event "Rapid Tournament (RAP)"]
[Site "Biel, Switzerland"]
[Date "2026.07.12"]
[Round "4.5"]
[White "Alexakis, Dimitris"]
[Black "Balabayeva, Xeniya"]
[Result "1-0"]
[TimeControl "15 + 5"]
[WhiteTitle "-"]
[BlackTitle "-"]
[WhiteFideId "4277023"]
[BlackFideId "13719688"]
[WhiteElo "2518"]
[BlackElo "2291"]

1. e4 e5 2. Nf3 Nc6 3. Bb5 a6 4. Ba4 Nf6 5. O-O Be7 6. Bxc6 dxc6 7. d3 Qd6 8. b3 Be6 9. a4 O-O 10.
h3 Rad8 11. Nbd2 Nd7 12. a5 f6 13. Kh1 Nc5 14. Ba3 Qd7 15. Rg1 Bf7 16. Nh4 g6 17. Nhf3 Ne6 18. Bxe7 Qxe7 19. Nf1 Nf4 20.
Ne3 Be6 21. Qe1 Kh8 22. Nh2 Rg8 23. f3 h5 24. Rd1 Rg7 25. Nhf1 Qd7 26. Qf2 Qd4 27. Ng3 Qc5 28. Ra1 Rf8 29.
Ne2 g5 30. Rgf1 Rfg8 31. Ng3 Rd7 32. Ngf5 h4 33. b4 Qf8 34. Rfd1 c5 35. bxc5 Qxc5 36. Rab1 b6 37. axb6 cxb6 38.
Qf1 a5 39. c4 Ra8 40. Rb5 Qc6 41. Rdb1 Ra6 42. Nd5 Bxd5 43. exd5 Qc7 44. d6 Qc6 45. c5 bxc5 46. Rb8+ Kh7 47. Qc1 Nxh3 48. Qc4 1-0

[Event "Rapid Tournament (RAP)"]
[Site "Biel, Switzerland"]
[Date "2026.07.12"]
[Round "4.6"]
[White "Dong, Hongfu"]
[Black "Acs, Peter"]
[Result "1-0"]
[TimeControl "15 + 5"]
[WhiteTitle "-"]
[BlackTitle "-"]
[WhiteFideId "8626960"]
[BlackFideId "708020"]
[WhiteElo "2271"]
[BlackElo "2474"]

1. e4 c5 2. Nf3 e6 3. d4 cxd4 4. Nxd4 a6 5. Nc3 b5 6. g3 Bb7 7. Bg2 Nf6 8. O-O b4 9. Na4 Bxe4 10.
Bxe4 Nxe4 11. c4 Nc5 12. Be3 Nxa4 13. Qxa4 Be7 14. c5 a5 15. Rfd1 Qc8 16. a3 bxa3 17. b4 O-O 18. Nb3 Nc6 19.
b5 Nb4 20. b6 Rd8 21. Nxa5 Nd5 22. b7 Qxb7 23. Nxb7 Rxa4 24. Nxd8 Bxd8 25. Rd3 a2 26.
Rd2 Nc3 27. Rxd7 Bf6 28. c6 h5 29.
c7 Rc4 30. Rd8+ Kh7 31. c8=Q Rxc8 32.
Rxc8 Ne2+ 33. Kf1 Bxa1 34. Ra8 Nc3 35. Bd4 Bb2 36. Bxc3 Bxc3 37. Rxa2 g6 38. Kg2 Bd4 39. Kf3 Kg7 40. Ke4 Bc5 41. Rc2 Bb6 42. f3 Ba7 43. Rc7 Bb6 44. Rb7 Bg1 45. Rb2 Kf6 46. h4 Ba7 47. g4 hxg4 48.
fxg4 Kg7 49. Ra2 Bb6 50. Rb2 Bd8 51.
g5 Bc7 52. Kf3 Bd6 53. Kg4 Be5 54. Rb7 Bd6 55. h5 gxh5+ 56. Kxh5 Kg8 57. Rd7 Bc5 58. g6 fxg6+ 59. Kxg6 Kf8 60. Kf6 Ke8 61. Kxe6 Kf8 1-0

[Event "Rapid Tournament (RAP)"]
[Site "Biel, Switzerland"]
[Date "2026.07.12"]
[Round "4.7"]
[White "Gopal, G.N."]
[Black "Shukhman, Anna"]
[Result "1-0"]
[TimeControl "15 + 5"]
[WhiteTitle "-"]
[BlackTitle "-"]
[WhiteFideId "5015693"]
[BlackFideId "54180058"]
[WhiteElo "2471"]
[BlackElo "2272"]

1. e4 c5 2. Nf3 d6 3. d4 cxd4 4. Nxd4 Nf6 5. Nc3 a6 6. Be3 e5 7. Nf3 Qc7 8. a4 Be7 9. Be2 Be6 10. O-O O-O 11. Nd5 Nxd5 12. exd5 Bf5 13. c4 a5 14. c5 dxc5 15.
Nd2 Rd8 16. Nc4 Be4 17. Bf3 Bxf3 18.
Qxf3 Nd7 19. Rad1 Bd6 20. Na3 Nf8 21. Nb5 Qd7 22. h4 Ng6 23. h5 Nh4 24. Qe4 Nf5 25. Nxd6 Nxe3 26. Nxf7 Qxf7 27.
fxe3 Qxh5 28. Rd2 Ra6 29. Rf5 Qh6 30. Rxe5 Rf8 31. Re8 Raf6 32. Rxf8+ Rxf8 33. d6 Qf6 34.
d7 Rd8 35. Qe8+ Qf8 36. Qe5 Qf7 37.
Qxc5 h6 38. e4 Qf4 39. Qd4 Qg3 40. Rd1 Qg4 41. Qd5+ Kh8 42. e5 Qf4 43. e6 Qe3+ 44. Kh1 Qg3 45. Qe4 Qb3 46. Re1 Qxb2 47. e7 1-0

[Event "Rapid Tournament (RAP)"]
[Site "Biel, Switzerland"]
[Date "2026.07.12"]
[Round "4.8"]
[White "Kozak, Adam"]
[Black "Xu, Chang(Cq)"]
[Result "1/2-1/2"]
[TimeControl "15 + 5"]
[WhiteTitle "-"]
[BlackTitle "-"]
[WhiteFideId "753246"]
[BlackFideId "8641757"]
[WhiteElo "2592"]
[BlackElo "2082"]

1. d4 Nf6 2. c4 e6 3.
Nc3 Bb4 4. e3 O-O 5. Bd3 d5 6. a3 Bxc3+ 7. bxc3 dxc4 8. Bxc4 c5 9. Ne2 Qc7 10. Ba2 Nc6 11. O-O Rd8 12. Ng3 b6 13.
Re1 Bb7 14. Bb2 Rac8 15. e4 cxd4 16. cxd4 Nxd4 17. Rc1 Qd7 18. Rxc8 Bxc8 19. e5 Ne8 20. Qg4 Nf5 21. Nxf5 exf5 22.
Qc4 Qe7 23. Bb1 Be6 24. Qf4 Qd7 25. Bc1 Qd4 26. Qg3 Qg4 27. Qc3 Rc8 28. Qd2 Nc7 29. h3 Qc4 30. Bb2 Qd5 31. Qe2 Rd8 32.
Bc1 Qd7 33. Bg5 Rc8 34. Rd1 Nd5 35. Qf3 h6 36. Be3 Qc6 37. Bxf5 Bxf5 38. Qxf5 Nxe3 39. fxe3 Rf8 40. Kh1 Qc5 41. e4 Qxa3 42. e6 fxe6 43.
Qxe6+ Kh8 44. e5 Qa4 45. Qd6 Re8 46.
Re1 Qa5 47. Re4 Qc5 48. Qd7 Qe7 49. Qd4 Qe6 50. Re3 a5 51. Kh2 b5 52. Qc5 Rb8 53. Qc7 Qb6 54. Qc1 Re8 55. e6 Qd6+ 56. Kh1 b4 57. Qc4 a4 58. Re4 Qd1+ 59. Kh2 Qd6+ 60. Kh1 Qd1+ 61. Kh2 Qd6+ 62. Kh1 1/2-1/2

[Event "Rapid Tournament (RAP)"]
[Site "Biel, Switzerland"]
[Date "2026.07.12"]
[Round "4.9"]
[White "Ling, Chenxuan"]
[Black "Aronyak, Ghosh"]
[Result "0-1"]
[TimeControl "15 + 5"]
[WhiteTitle "-"]
[BlackTitle "-"]
[WhiteFideId "30983118"]
[BlackFideId "25072846"]
[WhiteElo "2077"]
[BlackElo "2482"]

1. d4 Nf6 2. c4 e6 3. Nc3 Bb4 4.
Qc2 O-O 5. e4 d6 6. Nf3 e5 7. d5 Bxc3+ 8. bxc3 Na6 9. Bd3 Nd7 10. O-O Ndc5 11. Be3 f5 12. exf5 Nxd3 13. Qxd3 Bxf5 14.
Qd2 b6 15. a4 Nc5 16. Qa2 a5 17. Nd2 Nd3 18. f3 Qh4 19. Qb3 h6 20. Qd1 Rae8 21. g3 Qf6 22. Ne4 Bxe4 23. fxe4 Qxf1+ 24. Qxf1 Rxf1+ 25. Kxf1 Nb2 26. Ke2 Nxc4 27. Kd3 Nxe3 28.
Kxe3 Rf8 29. c4 Rf6 30. Rb1 Kf7 31.
Rc1 g5 32. Ke2 g4 33. Rc3 Ke7 34. Rb3 Kd7 35. Ke1 Kc8 36.
Ke2 Rf7 37. Ke1 Kb7 38. Ke2 c6 39. Re3 Rc7 40. Rc3 Kb8 41. Rb3 Ka7 42. Rc3 Rf7 43. Re3 b5 44. cxb5 cxb5 45. axb5 Rf3 46. Rd3 Rxd3 47. Kxd3 Kb6 48. Kc4 h5 0-1

[Event "Rapid Tournament (RAP)"]
[Site "Biel, Switzerland"]
[Date "2026.07.12"]
[Round "4.10"]
[White "Ghosh, Diptayan"]
[Black "Tkhoruk, Roman"]
[Result "1-0"]
[TimeControl "15 + 5"]
[WhiteTitle "-"]
[BlackTitle "-"]
[WhiteFideId "5045207"]
[BlackFideId "34161589"]
[WhiteElo "2480"]
[BlackElo "2076"]

1. c4 Nf6 2. Nc3 e6 3. e4 Bb4 4.
e5 Ng8 5. Qg4 Bf8 6. Nf3 d5 7. d4 h6 8. Be2 Ne7 9. O-O dxc4 10. Bxc4 Nd5 11. Rd1 c6 12. Bb3 Na6 13. Ne4 Nac7 14.
Nd6+ Bxd6 15. Qxg7 Rf8 16. exd6 Qxd6 17. Bxh6 b6 18. Ng5 Bb7 19. Nh7 O-O-O 20. Nxf8 Ne8 21. Qxf7 1-0

[Event "Rapid Tournament (RAP)"]
[Site "Biel, Switzerland"]
[Date "2026.07.12"]
[Round "4.11"]
[White "Cherniaev, Alexander"]
[Black "Egli, Urs"]
[Result "1-0"]
[TimeControl "15 + 5"]
[WhiteTitle "-"]
[BlackTitle "-"]
[WhiteFideId "4117301"]
[BlackFideId "1306685"]
[WhiteElo "2299"]
[BlackElo "1964"]

1. e4 g6 2. Nc3 Bg7 3. f4 c5 4. Nf3 Nc6 5. Bb5 a6 6. Bxc6 bxc6 7. d3 d5 8. e5 Bg4 9. O-O e6 10.
Na4 Qe7 11. Qe1 Bxf3 12. Rxf3 Nh6 13. b3 Nf5 14. Ba3 O-O 15. Bxc5 Qd7 16. Nb6 Qc7 17. Nxa8 Rxa8 18. g4 Ne7 19.
d4 Rb8 20. a4 Qd7 21. Qh4 Re8 22. Raf1 h5 23. Bxe7 hxg4 24. Qxg4 Qxe7 25. h4 c5 26. dxc5 Qxc5+ 27. R1f2 f6 28.
exf6 Bxf6 29. Qxg6+ 1-0

[Event "Rapid Tournament (RAP)"]
[Site "Biel, Switzerland"]
[Date "2026.07.12"]
[Round "4.12"]
[White "Kukushkin, Ivan"]
[Black "Cao, Qingfeng"]
[Result "0-1"]
[TimeControl "15 + 5"]
[WhiteTitle "-"]
[BlackTitle "-"]
[WhiteFideId "11634103"]
[BlackFideId "8627568"]
[WhiteElo "2186"]
[BlackElo "2265"]

1. e4 c5 2. Nf3 g6 3. d4 cxd4 4. Nxd4 Nc6 5. Nc3 Bg7 6. Be3 Nf6 7. Bc4 O-O 8. Bb3 d6 9. h3 Qa5 10.
O-O Nxd4 11. Bxd4 Be6 12. Nd5 Bxd5 13. exd5 Rfe8 14. Bc3 Qc5 15. Bd4 Qa5 16. Bc3 Qc7 17. Re1 b5 18. a4 a6 19.
axb5 axb5 20. Rxa8 Rxa8 21. Qe2 Qb6 22. Qd2 Qb7 23. Qd3 Ne8 24. Qe3 Bxc3 25. bxc3 Ra7 26. Rb1 Qc7 27. c4 b4 28. c3 bxc3 29.
Qxc3 Nf6 30. Rc1 Qc5 31. Qe1 h5 32. Bc2 Kg7 33. Bd3 Ra2 34. Rb1 Qd4 35. Rd1 Qf4 36. Rb1 Nd7 37. Bf1 Ne5 38.
Ra1 Rc2 39. Ra4 Qg5 40. Ra3 Qc1 41. Re3 Qxe1 42. Rxe1 g5 43. h4 g4 44. Re4 f5 45. Re2 Rc1 46. g3 f4 47. gxf4 Nf3+ 48. Kg2 Nxh4+ 49. Kg1 Kf7 50.
f3 g3 51. c5 dxc5 52. d6 exd6 53. f5 g2 0-1

[Event "Rapid Tournament (RAP)"]
[Site "Biel, Switzerland"]
[Date "2026.07.12"]
[Round "4.13"]
[White "Aryan, Goyal"]
[Black "Rohrer, Christophe"]
[Result "0-1"]
[TimeControl "15 + 5"]
[WhiteTitle "-"]
[BlackTitle "-"]
[WhiteFideId "366108825"]
[BlackFideId "1326546"]
[WhiteElo "1869"]
[BlackElo "2202"]

1. e4 e5 2. Nf3 Nc6 3. Bb5 a6 4. Ba4 d6 5. c3 Bg4 6. O-O Qf6 7. d3 Nge7 8. Nbd2 h5 9. Re1 g5 10. Nf1 Bxf3 11. Qxf3 Qxf3 12. gxf3 f6 13. Bb3 Ng6 14. Be3 Nh4 15.
Nd2 Ke7 16. d4 Bh6 17. Bd1 Rag8 18.
Kh1 Nd8 19. Nf1 Ne6 20. Ng3 g4 21. Nf5+ Nxf5 22. exf5 Nf4 23. Bxf4 Bxf4 24. Rg1 Rg5 25. Rg2 Rxf5 26. fxg4 hxg4 27. Bxg4 Rg5 28. Bf3 Rxg2 29. Kxg2 Rxh2+ 30. Kf1 c6 31. Ke2 Bg3 32. Rf1 f5 33. Ke1 Bh4 34.
dxe5 dxe5 35. Ke2 e4 36. Bh1 Ke6 37. Ke3 Bxf2+ 38. Rxf2 Rxh1 39. Kf4 Rg1 40. Rh2 Rg4+ 41. Ke3 Ke5 42. Rh7 f4+ 43. Ke2 Rg2+ 44. Kf1 Rxb2 45. Re7+ Kf5 46. Rf7+ Kg4 0-1

[Event "Rapid Tournament (RAP)"]
[Site "Biel, Switzerland"]
[Date "2026.07.12"]
[Round "4.14"]
[White "Maier, Christian"]
[Black "Filimonov, Arsenii"]
[Result "1-0"]
[TimeControl "15 + 5"]
[WhiteTitle "-"]
[BlackTitle "-"]
[WhiteFideId "4601955"]
[BlackFideId "34171584"]
[WhiteElo "2314"]
[BlackElo "1843"]

1. e4 c5 2. Nf3 e6 3. Nc3 a6 4.
g3 b5 5. Bg2 Bb7 6. d4 cxd4 7. Nxd4 d6 8. O-O Nd7 9.
Re1 Ngf6 10. h3 Qc7 11. a3 Be7 12. Nde2 O-O 13. g4 Rfd8 14. Ng3 Nb6 15. g5 Ne8 16. h4 d5 17. e5 Rac8 18.
Qg4 Qc4 19. Bf4 Rc7 20. h5 d4 21. Nce4 Bxe4 22. Bxe4 Nd5 23. Bd2 Kh8 24. Bd3 Qc6 25. Ne4 Bf8 26. Kh2 Ne7 27. Ba5 Rd5 28.
Bxc7 Qxc7 29. f4 Nf5 30. Ng3 Ne3 31. Qf3 Nxc2 32. Qe4 g6 33. Bxc2 Ng7 34. Bd3 Qa5 35. Rac1 b4 36. Rc8 Rd8 37.
Rxd8 Qxd8 38. a4 a5 39. h6 Ne8 40. Kg2 Nc7 41. Bc4 Na8 42. Qb7 Kg8 43. Ne4 Be7 44. Nd6 Nb6 45. Bd3 Bxd6 46.
exd6 Qxd6 47. Qe4 Nd5 48. Kg3 Kf8 49. Rc1 Nb6 50. b3 Nd5 51. Qxd4 Ke7 52. Bc4 1-0

[Event "Rapid Tournament (RAP)"]
[Site "Biel, Switzerland"]
[Date "2026.07.12"]
[Round "4.15"]
[White "Ivarsson, Anders"]
[Black "Filipovic, Branko"]
[Result "0-1"]
[TimeControl "15 + 5"]
[WhiteTitle "-"]
[BlackTitle "-"]
[WhiteFideId "1768158"]
[BlackFideId "14507951"]
[WhiteElo "1907"]
[BlackElo "2279"]

1. Nf3 Nf6 2. c4 b6 3. g3 Bb7 4. Bg2 g6 5. O-O Bg7 6. Nc3 O-O 7. d4 Ne4 8.
Qc2 Nxc3 9. bxc3 Nc6 10. Nd2 Na5 11. Bxb7 Nxb7 12. e4 d6 13. f4 e6 14. Nf3 Qd7 15. Be3 Na5 16. Qd3 Qa4 17.
Nd2 Rad8 18. f5 exf5 19. exf5 Rfe8 20. f6 Bf8 21. g4 d5 22. cxd5 Rxd5 23. Rf3 Qd7 24. g5 b5 25. Raf1 c5 26. R1f2 cxd4 27. cxd4 Nc6 28. Rg3 Nxd4 29.
Bxd4 Rxd4 30. Qc3 Bb4 31. Qb3 Bxd2 32. Rh3 Rg4+ 33. Rg3 Rxg3+ 34. hxg3 Be3 35. Kg2 Bxf2 36. Kxf2 Qf5+ 0-1

[Event "Rapid Tournament (RAP)"]
[Site "Biel, Switzerland"]
[Date "2026.07.12"]
[Round "4.16"]
[White "Tureshbayev, Anuar"]
[Black "Materia, Mario"]
[Result "1-0"]
[TimeControl "15 + 5"]
[WhiteTitle "-"]
[BlackTitle "-"]
[WhiteFideId "651081709"]
[BlackFideId "651082241"]
[WhiteElo "2246"]
[BlackElo "1914"]

1. e4 e5 2. Nf3 Nc6 3. d4 exd4 4. Nxd4 Nf6 5. Nxc6 bxc6 6. Bd3 Bc5 7. e5 Qe7 8. O-O Nd5 9. a3 a5 10. c4 Nb6 11. Nc3 O-O 12.
Bf4 d5 13. cxd5 cxd5 14. Qh5 g6 15. Qf3 c6 16. Rac1 Ba6 17. Bxa6 Rxa6 18. Rfe1 Nd7 19. Na4 Rc8 20. Qg4 Re8 21.
Bg5 f6 22. Nxc5 Nxe5 23. Nxa6 fxg5 24. Qe2 Nf3+ 25. gxf3 Qxe2 26. Rxe2 Rxe2 27. b4 axb4 28. axb4 d4 29. Rd1 Ra2 30. Nb8 Rb2 31. Nxc6 Rc2 32. Nxd4 Rc4 33. b5 Rb4 34. Kf1 Kf7 35.
Ke2 Rb2+ 36. Rd2 Rb1 37. Kd3 Ke7 38. Kc4 Kd6 39. Nb3+ Kc7 40. Re2 Rh1 41. Kc5 Rxh2 42. b6+ Kb7 43. Re7+ Kb8 44. Re8+ Kb7 45. Na5+ Ka6 46. Ra8# 1-0

[Event "Rapid Tournament (RAP)"]
[Site "Biel, Switzerland"]
[Date "2026.07.12"]
[Round "4.18"]
[White "Gautier, Anand"]
[Black "Jehnichen, Kai"]
[Result "1-0"]
[TimeControl "15 + 5"]
[WhiteTitle "-"]
[BlackTitle "-"]
[WhiteFideId "26010186"]
[BlackFideId "24684333"]
[WhiteElo "2223"]
[BlackElo "1903"]

1. e4 e5 2. Nf3 Nc6 3. Bc4 Nf6 4. d3 Bc5 5. c3 O-O 6. O-O d5 7. exd5 Nxd5 8. h3 Nb6 9. Bb5 f6 10. Nbd2 a6 11. Bxc6 bxc6 12. Ne4 Be7 13. Ng3 Qd5 14. Qe2 c5 15. c4 Qc6 16. b3 a5 17.
a4 Bb7 18. Ba3 Rfe8 19. Qe4 g6 20. Rfe1 Bf8 21. Qxc6 Bxc6 22. Ne4 Nd7 23. Rab1 Rad8 24. Bb2 h6 25. Bc3 Ra8 26. h4 Kf7 27.
Ng3 h5 28. Ne4 Be7 29. Kf1 Nf8 30. Ke2 Ne6 31. Kd2 Red8 32. g3 Nd4 33. Nxd4 cxd4 34. Bb2 Rab8 35. Kc2 Bb4 36. Re2 Be7 37.
Ra1 Bd7 38. Ba3 Bb4 39. Bxb4 Rxb4 40. Nd2 Bg4 41. f3 Bf5 42. Rg1 Rh8 43. Rf2 Be6 44. f4 exf4 45. Rxf4 c5 46. Ne4 Bf5 47. Nd6+ Ke6 48. Nxf5 gxf5 49. Re1+ Kf7 50. Rxf5 Rhb8 51. Rb1 Re8 52. Kd2 Re3 53.
Rxh5 Rxg3 54. Rxc5 Rg2+ 55. Kc1 Rg1+ 56. Kc2 Rg2+ 57. Kc1 Rg1+ 58. Kb2 Rxb3+ 59. Kxb3 Rxb1+ 60. Kc2 Rh1 61. h5 Rh2+ 62. Kb3 Rd2 63.
Rxa5 Rxd3+ 64. Kb4 Rd1 65.
Rd5 Rb1+ 66. Kc5 Ra1 67. Kb5 Rb1+ 68. Kc6 Rb4 69. Rxd4 Rxa4 70. Rh4 Kg7 71. h6+ Kh7 72. Kd5 Ra1 73. c5 Rd1+ 74. Ke6 Rc1 75. Kd6 f5 76. c6 f4 77. Rxf4 Kxh6 78. c7 1-0

[Event "Rapid Tournament (RAP)"]
[Site "Biel, Switzerland"]
[Date "2026.07.12"]
[Round "4.19"]
[White "Kwiatkowski, Maciej"]
[Black "Manko, Mariia"]
[Result "0-1"]
[TimeControl "15 + 5"]
[WhiteTitle "-"]
[BlackTitle "-"]
[WhiteFideId "1360175"]
[BlackFideId "14199220"]
[WhiteElo "1902"]
[BlackElo "2210"]

1. e4 c5 2. Nf3 Nc6 3. c3 Nf6 4.
Bd3 e5 5. Bc2 d5 6. exd5 Qxd5 7. d3 Bg4 8. Nbd2 Be7 9. Ne4 Rd8 10. Qe2 O-O 11. O-O h6 12. Be3 b6 13. Rfd1 Kh8 14.
h3 Bh5 15. Bb3 Qd7 16. Ba4 Qc8 17. Ng3 Bxf3 18. Qxf3 Nd5 19. Nf5 Bf6 20. a3 Nce7 21. Nxe7 Bxe7 22. Bb3 Nxe3 23. Qxe3 Qc7 24.
Re1 Bd6 25. Rad1 f5 26. Bc4 Rf6 27. Qf3 Rdf8 28. Re2 g5 29. Qh5 Qg7 30. d4 cxd4 31. cxd4 e4 32. Bb3 Rg6 33. Bc2 g4 34.
b4 gxh3 35. Qxh3 Rg8 36. f3 Rg3 37. Qh1 exf3 38. Re6 0-1

[Event "Rapid Tournament (RAP)"]
[Site "Biel, Switzerland"]
[Date "2026.07.12"]
[Round "4.20"]
[White "Frey, Fabian"]
[Black "Berezovskii, Arina"]
[Result "0-1"]
[TimeControl "15 + 5"]
[WhiteTitle "-"]
[BlackTitle "-"]
[WhiteFideId "1336487"]
[BlackFideId "34449850"]
[WhiteElo "2207"]
[BlackElo "1895"]

1. d4 Nf6 2. Bg5 d6 3. Nf3 e6 4. Nc3 Be7 5. e4 O-O 6. Bd3 h6 7. Bxf6 Bxf6 8. e5 Be7 9. Qe2 d5 10. O-O-O c5 11. dxc5 Bxc5 12.
h4 f6 13. Rdf1 Nc6 14. g4 fxe5 15. Nxe5 Nxe5 16. Qxe5 Qf6 17. Qxf6 Rxf6 18. g5 Rxf2 19. gxh6 Be3+ 20. Kb1 Rxf1+ 21. Rxf1 Bxh6 22. Bb5 Bd2 23. Be8 Bxc3 24. bxc3 b6 25.
Bf7+ Kh8 26. Re1 Bd7 27.
Re5 g6 28. Bxg6 Kg7 29. h5 Kf6 30.
Re2 Be8 31. Rf2+ Kg7 32. Rg2 Bxg6 33.
Rxg6+ Kf7 34. Rh6 Rg8 35.
Rh7+ Rg7 36. Rh8 Rg8 37. Rh6 Rg5 38. Kc1 Rg2 39. a3 b5 40. Kb2 a6 41. Kb3 Rg3 42. Rh7+ Rg7 43. Rh8 Rg8 44. Rxg8 Kxg8 45. Kb4 e5 46. Kc5 e4 47. Kd4 Kg7 48. c4 bxc4 49. a4 a5 50. c3 Kh6 51. Kxd5 e3 52. Kxc4 e2 53. Kb5 e1=Q 54. Kxa5 Qxc3+ 55. Kb5 Qc7 56. Ka6 Qc6+ 57. Ka5 Qa8+ 58. Kb5 Kxh5 59. a5 Qa7 60. a6 Kg6 0-1

[Event "Rapid Tournament (RAP)"]
[Site "Biel, Switzerland"]
[Date "2026.07.12"]
[Round "4.21"]
[White "Ranieri, Pierpaolo"]
[Black "Habibi, Ali"]
[Result "0-1"]
[TimeControl "15 + 5"]
[WhiteTitle "-"]
[BlackTitle "-"]
[WhiteFideId "893986"]
[BlackFideId "4604393"]
[WhiteElo "1891"]
[BlackElo "2187"]

1. d4 Nf6 2. c4 c5 3. d5 g6 4. Nc3 Bg7 5. Nf3 O-O 6. e4 d6 7. h3 b5 8. cxb5 a6 9. a4 axb5 10. Bxb5 Ba6 11. Bxa6 Nxa6 12.
O-O Nb4 13. Re1 Nd7 14. Ra3 Nb6 15. Nb5 Qd7 16. b3 Rfb8 17.
Bd2 Nd3 18. Re3 Nb2 19. Qc2 c4 20. Ra2 cxb3 21. Rxb3 N6xa4 22. Nc7 Rc8 23. Rb7 Rab8 24. Rxb8 Rxb8 25. Na6 Rc8 26. Qb3 h6 27.
Nb4 Qb5 28. Ra3 Nc5 29. Qc2 Nc4 30. Ra7 Nxd2 31. Qxd2 Bf8 32. Nc6 Qb1+ 33. Qe1 Qxe1+ 34. Nxe1 Nxe4 35. Nxe7+ Bxe7 36. Rxe7 Nf6 37.
Nf3 Rc1+ 38. Kh2 Rd1 39. g4 Rxd5 40. Kg3 Kf8 41. Ra7 Ne4+ 42. Kg2 Ng5 43. Nxg5 hxg5 44. Rd7 Kg7 45. Kf3 Rd3+ 46.
Ke4 Rd1 47. Ke3 Kf6 48. Ke2 Rd5 49. Ke3 Ke6 50. Rd8 Ke7 51. Rg8 Ra5 52. f3 Ra2 53. Rb8 Rh2 54. Rh8 d5 55. Kd4 Rd2+ 56.
Ke3 Rd1 57. Ke2 Ra1 58. Ke3 Ra4 59. Rb8 Ra3+ 60. Kd4 Rxf3 61. Rh8 Ke6 62. Re8+ Kd6 63. Rd8+ Ke7 64. Rh8 f5 65. Kxd5 Re3 66.
gxf5 gxf5 67. Rh5 Kf6 68. Kd4 Re1 69. Rh8 Kg7 70. Ra8 Re4+ 71. Kd5 Re3 72. Ra7+ Kg6 73. Ra6+ Kh5 74. Kd4 Rxh3 75. Ke5 Rf3 76. Rf6 g4 77.
Rf8 Kh4 0-1